Unix NetHack Version 5.0.0-0 post-release - last build May 17 2026 04:57:42 (dc50c8380fa5e20985bfe3072449f57b8d9895ef,branch:main).

Game began 2026-05-20 17:28:55, ended 2026-05-20 17:37:47.

ArrBianca, lawful female human Archeologist

                                     ----       ----
                          ----       |..|----  --..---
                        ---..|      --..--..|  |.....|
                        |....-------|.......|---.....|
                        --)..)......|......- |......--
                         --.-------..-.....---......--
                          |.|  -----.................|
                          |.|---.-------...........<.-
                          |.|.....|   ..|.)..---.......|
                   ---    |.|....-     -|..--- |.......|
                   |..--  |......|      ----   --..-----
                   |....---......--             --.|
                     -.......--...----           |.-----
                     --..............|          --..|..|
 -- - - - - --------- |..............--  --     |......| |
 |............^.....##--..................-     |......G.|
 |   # -##  ---####..*...................0      |.GG.....|
                  ###-----..................-    -@.....-
                        |...--..........|...|    --.| ---
                        |..----.--.|.|.--- .|      --
                        ----  --- ------   --
ArrBianca the Field Worker  St:11 Dx:8 Co:12 In:17 Wi:17 Ch:10  Lawful
Dlvl:4  $:60 HP:0(29) Pw:19(19) AC:9  Xp:4 T:1152 

Latest messages:
 There is a gnome corpse here; eat it? [ynq] (n) y
 This gnome corpse is tough.
 You finish eating the gnome corpse.
 You hear crashing rock.
 You can no longer see through yourself.
 You stop waiting.
 You don't know any spells right now.
 What do you want to read? [nxB or ?*] ?
 What do you want to read? [nxB or ?*] y
 That is a silly thing to read.
 You see here 2 crossbow bolts.
 The gnome lord shoots 3 crossbow bolts!
 You are hit by the 1st crossbow bolt.
 You are hit by the 2nd crossbow bolt.
 The 3rd crossbow bolt misses you.
 The gnome lord shoots 3 crossbow bolts!
 You are hit by the 1st crossbow bolt!
 You catch the crossbow bolt! G - a crossbow bolt.
 You are hit by the 3rd crossbow bolt.
 The gnome lord swings wildly and misses!
 You miss the gnome lord.
 You lash the gnome lord.
 You lash the gnome lord.
 The gnome lord swings wildly and misses!
 You lash the gnome lord.
 You lash the gnome lord.
 You kill the gnome lord!
 The hill orc picks up 2 crossbow bolts.
 You stop waiting.
 The hill orc wields a curved sword!
 You kill the hill orc!
 There is a hill orc corpse here; eat it? [ynq] (n) y
 This hill orc corpse is stringy.
 You finish eating the hill orc corpse.
 You lash the hill orc.
 You miss the hill orc.
 The hill orc hits!
 You lash the hill orc.
 The hill orc hits!
 You lash the hill orc.
 The hill orc hits!
 You kill the hill orc!
 You see here 8 rocks.
 You materialize in a different location!
 The gnome lord hits!
 You lash the gnome.
 The gnome lord hits!
 The gnome hits!
 You die...
 Do you want your possessions identified? [ynq] (y) q

Inventory:
 Coins    ('$')
  $ - 60 gold pieces
 Weapons  (')')
  G - a +1 crossbow bolt
  a - a +2 bullwhip (weapon in right hand)
 Armor    ('[')
  A - an uncursed +0 cornuthaum
  c - an uncursed +0 fedora (being worn)
  z - a blessed +0 cloak of protection
  b - an uncursed +0 leather jacket (being worn)
 Comestibles  ('%')
  s - an uncursed cram ration
  d - 7 uncursed food rations
  w - an uncursed tripe ration
  o - 2 uncursed lichen corpses
 Scrolls  ('?')
  x - a cursed scroll of destroy armor
  n - an uncursed scroll of food detection
  B - an uncursed scroll of identify
 Potions  ('!')
  q - a blessed potion of gain energy
 Tools    ('(')
  h - an uncursed sack containing 2 items
  E - an expensive camera (0:81)
  i - a magic marker (0:22)
  e - a +0 pick-axe (alternate weapon; not wielded)
  F - an uncursed tallow candle
  y - an uncursed tin whistle
  f - a tinning kit (0:77)
 Gems/Stones  ('*')
  g - an uncursed touchstone

Contents of the sack:
  an uncursed amber stone
  an uncursed jade stone

ArrBianca the Archeologist's attributes:

Background:
 You were a Field Worker, a level 4 female human Archeologist.
 You were lawful, nominally on a mission for Quetzalcoatl
 who was opposed by Camaxtli (neutral) and Huhetotl (chaotic).
 You were right-handed.
 You were in the Gnomish Mines, on level 4.
 You entered the dungeon 1152 turns ago.
 You had 130 experience points, 30 more were needed to attain level 5.

Basics:
 You had 0 out of 29 hit points.
 You had all 19 energy points (spell power).
 Your armor class was 9.
 Your wallet contained 60 zorkmids.
 Autopickup was on for '$?!/="+%' plus thrown, with exceptions.

Final Characteristics:
 Your strength was 11 (limit:18/100).
 Your dexterity was 8 (limit:18).
 Your constitution was 12 (limit:18).
 Your intelligence was 17 (limit:18).
 Your wisdom was 17 (limit:18).
 Your charisma was 10 (limit:18).

Final Status:
 You weren't hungry.
 You were unencumbered.
 You were wielding a whip.
 You had basic skill with whip.

Final Attributes:
 You were devoutly aligned.
 You had automatic searching.
 You were lucky.
 You are dead.

Miscellaneous:
 You didn't encounter any bones levels.
 Total elapsed playing time was 8 minutes and 52 seconds.

Major events:
 Turn
    1: ArrBianca the lawful female human Archeologist entered the dungeon
  753: entered the Gnomish Mines
  768: attained the rank of Field Worker (level 3)
 1152: killed by a gnome

You didn't know any spells.

Skills:
 Fighting Skills
   bare handed combat [Unskilled]
   two weapon combat  [Unskilled]
   riding             [Unskilled]
 Weapon Skills
   dagger             [Unskilled]
   knife              [Unskilled]
   pick-axe           [Basic]
   short sword        [Unskilled]
   saber              [Unskilled]
   club               [Unskilled]
   quarterstaff       [Unskilled]
   sling              [Unskilled]
   dart               [Unskilled]
   boomerang          [Unskilled]
   whip               [Basic]
   unicorn horn       [Unskilled]
 Spellcasting Skills
   attack spells      [Unskilled]
   healing spells     [Unskilled]
   divination spells  [Unskilled]
   matter spells      [Unskilled]

Voluntary challenges:
 Character rerolling was not enabled.
 You were an atheist.
 You never had a pet.
 You never genocided any monsters.
 You never polymorphed an object.
 You never changed form.
 You used no wishes.
Achievements:
 You entered the Gnomish Mines.
 You attained the rank of Field Worker.

 The Dungeons of Doom: levels 1 to 3
    Level 1:
    Level 2:
    Level 3:
       Many fountains.
       Stairs down to The Gnomish Mines.
 The Gnomish Mines:
    Level 4: <- You were here.
       Final resting place for
          you, killed by a gnome.


Vanquished creatures:
  a gnome leader
  a gnomish wizard
  2 hill orcs
  2 giant rats
  2 cave spiders
  5 gnomes
  a gecko
  4 jackals
  2 sewer rats
  2 grid bugs
  4 lichens
  3 newts
29 creatures vanquished.

No species were genocided or became extinct.

Game over:
                       ----------
                      /          \
                     /    REST    \
                    /      IN      \
                   /     PEACE      \
                  /                  \
                  |    ArrBianca     |
                  |      60 Au       |
                  |   killed by a    |
                  |      gnome       |
                  |                  |
                  |                  |
                  |       2026       |
                 *|     *  *  *      | *
        _________)/\\_//(\/(/\)/\//\/|_)_______

Goodbye ArrBianca the Archeologist...

You died in The Gnomish Mines on dungeon level 4 with 754 points,
and 60 pieces of gold, after 1152 moves.
You were level 4 with a maximum of 29 hit points when you died.

